 Dungeon Crawl Stone Soup version 0.28-a0-1235-g7c8fac35f0 (webtiles) character file.

Game seed: 790452606421185183

30270 blank1 the Fighter (level 13, -1/123 HPs)
             Began as a Minotaur Fighter on Dec 24, 2021.
             Was a High Priest of Kikubaaqudgha.
             Slain by a death yak (17 damage)
             ... on level 3 of the Lair of Beasts.
             The game lasted 00:36:34 (20708 turns).

blank1 the Fighter (Minotaur Fighter)              Turns: 20708, Time: 00:36:35

Health: -1/123     AC: 26    Str: 31    XL:     13   Next: 19%
Magic:  22/22      EV: 14    Int:  5    God:    Kikubaaqudgha [*****.]
Gold:   392        SH: 11    Dex: 21    Spells: 20/26 levels left

rFire   . . .      SeeInvis .   E - +6 spear of Moderation {holy, Fly Dex+2}
rCold   . . .      Faith    .   c - +0 buckler
rNeg    . . .      Spirit   .   D - +5 chain mail
rPois   .          Reflect  +   (helmet restricted)
rElec   +          Harm     .   K - +1 cloak of the Locust {Rampage rElec Dex+5 Stlth-}
rCorr   +          Rampage  +   P - +1 pair of gloves "Haxkup" {Contam Will+ rCorr Dex+3}
Will    +....                   F - +0 pair of boots
Stlth   ..........              f - amulet of reflection
HPRegen 0.30/turn               q - +4 ring of protection
MPRegen 0.18/turn               B - +6 ring of strength

@: flying
A: horns 2, retaliatory headbutt
a: Renounce Religion, Receive Corpses, Torment


You were on level 3 of the Lair of Beasts.
You worshipped Kikubaaqudgha.
Kikubaaqudgha was extremely pleased with you.
You visited 2 branches of the dungeon, and saw 15 of its levels.
You also visited: Ossuary.

You collected 815 gold pieces.
You spent 423 gold pieces at shops.

Inventory:

Hand Weapons
 a - a +1 spectral flail
 E - the +6 spear of Moderation (weapon) {holy, Fly Dex+2}
   (You found it on level 9 of the Dungeon)

   It has been blessed by the Shining One to cause great damage to the undead
   and demons.
   Dex:       It affects your dexterity (+2).
   Fly:       It grants you flight.
Missiles
 h - a throwing net (quivered)
Armour
 c - a +0 buckler (worn)
 D - a +5 chain mail (worn)
 F - a +0 pair of boots (worn)
 K - the +1 cloak of the Locust (worn) {Rampage rElec Dex+5 Stlth-}
   (You bought it in a shop on level 4 of the Dungeon)

   Dex:       It affects your dexterity (+5).
   rElec:     It insulates you from electricity.
   Rampage:   It bestows one free step when moving towards enemies.
   Stlth:     It makes you less stealthy.
 P - the +1 pair of gloves "Haxkup" (worn) {Contam Will+ rCorr Dex+3}
   (You found it on level 2 of the Lair of Beasts)

   Dex:       It affects your dexterity (+3).
   Contam:    It causes magical contamination when unequipped.
   rCorr:     It protects you from acid and corrosion.
   Will:      It increases your willpower.
Magical Staves
 L - a staff of air
Jewellery
 e - a ring of poison resistance
 f - an amulet of reflection (around neck)
 n - a ring of resist corrosion
 q - a +4 ring of protection (left hand)
 B - a +6 ring of strength (right hand)
Wands
 o - a wand of iceblast (22)
 G - a wand of charming (2)
 N - a wand of paralysis (10)
 O - a wand of flame (5)
Scrolls
 j - 6 scrolls of fog
 k - 2 scrolls of torment
 s - 2 scrolls of fear
 w - 4 scrolls of immolation
 x - 5 scrolls of enchant weapon
 y - 2 scrolls of amnesia
 A - 8 scrolls of teleportation
 H - 2 scrolls of enchant armour
 M - 4 scrolls of identify
Potions
 b - 2 potions of magic
 d - 5 potions of might
 g - 12 potions of curing
 i - 2 potions of haste
 l - 4 potions of brilliance
 p - 4 potions of lignification
 r - 3 potions of invisibility
 t - 2 potions of cancellation
 u - 4 potions of heal wounds
 v - 3 potions of mutation
 z - 2 potions of berserk rage
 C - 2 potions of ambrosia
 I - 2 potions of flight
 J - 3 potions of resistance


   Skills:
 + Level 13.8 Fighting
 - Level 9.0 Maces & Flails
 - Level 8.0 Polearms
 - Level 10.0 Armour
 - Level 8.0 Dodging
 - Level 4.0 Shields
 - Level 7.0 Spellcasting
 + Level 5.9 Necromancy
 - Level 3.0 Air Magic
 - Level 2.0 Evocations


You had 20 spell levels left.
You knew the following spells:

 Your Spells              Type           Power      Damage    Failure   Level
a - Pain                  Necr           28%        1d5       9%          1
b - Corpse Rot            Necr/Air       12%        N/A       24%         2
c - Swiftness             Air            4%         N/A       63%         3

Your spell library contained the following spells:

 Spells                   Type           Power      Damage    Failure   Level
 Sublimation of Blood     Necr           7%         N/A       13%         2
 Vampiric Draining        Necr           7%         2d6       26%         3
 Shock                    Conj/Air       12%        1d3       45%         1
 Poisonous Vapours        Pois/Air       6%         N/A       61%         2
 Animate Dead             Necr           3%         N/A       63%         4
 Dispel Undead            Necr           7%         3d8       63%         4
 Ensorcelled Hibernation  Hex/Ice        2%         N/A       82%         2
 Agony                    Necr           7%         N/A       93%         5
 Excruciating Wounds      Necr           3%         N/A       93%         5
 Airstrike                Air            2%         N/A       95%         4
 Spider Form              Tmut/Pois      1%         N/A       96%         3
 Stone Arrow              Conj/Erth      2%         3d7       96%         3
 Animate Armour           Summ/Erth      2%         N/A       100%        4
 Summon Ice Beast         Ice/Summ       1%         N/A       100%        4
 Borgnjor's Vile Clutch   Necr/Erth      2%         N/A       100%        5
 Iskenderun's Battlesphe  Conj           1%         2d6       100%        5
 Summon Mana Viper        Hex/Summ       1%         N/A       100%        5
 Iron Shot                Conj/Erth      0%         9d1       100%        6
 Monstrous Menagerie      Summ           0%         N/A       100%        7
 Spellforged Servitor     Conj/Summ      0%         N/A       100%        7
 Borgnjor's Revivificati  Necr           3%         N/A       100%        8
 Lehudib's Crystal Spear  Conj/Erth      0%         10d2      100%        8
 Necromutation            Tmut/Necr      2%         N/A       100%        8
 Death's Door             Necr           3%         N/A       100%        9


Dungeon Overview and Level Annotations

Branches:
Dungeon (12/15)            Temple (0/1) D:5            Lair (3/6) D:11
  Snake (0/4) Lair:2          Orc (0/2) D:10        Ossuary (visited)
  Swamp: Lair:2-4    Shoals: Lair:2-4

Altars:
Cheibriados
Dithmenos
Fedhas
Gozag
Kikubaaqudgha
Makhleb
Nemelex Xobeh
Ru
Vehumet
Wu Jian
Xom
Zin
The Shining One
Beogh

Shops:
D:1 [   D:4 **!([   D:7 =   D:8 *   D:10 :

Portals:
Trove: D:10 (give +5 ice dragon scales)

Annotations:
D:10 exclusion: orange crystal statue


Innate Abilities, Weirdness & Mutations

You have a pair of horns on your head.
You reflexively headbutt those who attack you in melee.


Message History

The death yak is heavily wounded.
You block the death yak's attack.
You hit the death yak but do no damage. Your headbutt misses the death yak.
The death yak is heavily wounded.
The death yak gores you but does no damage.
You puncture the death yak!
You headbutt the death yak, but do no damage.
The death yak is severely wounded.
The death yak gores you but does no damage.
You hit the death yak.
The death yak is almost dead.
You hit the death yak but do no damage.
The death yak is almost dead.
The death yak barely misses you. You furiously retaliate!
You headbutt the death yak! You barely miss the death yak.
You headbutt the death yak.
You kill the death yak!
Kikubaaqudgha accepts your kill. The death yak barely misses you.
You furiously retaliate!
You headbutt the death yak, but do no damage.
Things that are here:
a death yak corpse; a death yak corpse You hit the death yak.
The death yak is lightly wounded.
The death yak gores you!
You hit the death yak. You headbutt the death yak!
The death yak is moderately wounded.
The death yak gores you!!
* * * LOW HITPOINT WARNING * * *
You hit the death yak but do no damage.
The death yak is moderately wounded.
You hit the death yak.
The death yak is moderately wounded.
The death yak gores you!
* * * LOW HITPOINT WARNING * * *
You puncture the death yak! You headbutt the death yak!
The death yak is heavily wounded.
The death yak gores you!
You die...
Kikubaaqudgha rasps: "You have failed me!
Welcome... death!"

##..........(..#
..P...?..........#
................>#
.................##
..................#
P................##
.P...............#
#.......#.Y#.#...#
.......##.@###.#.
.....#.....##.#
.....##.....# #
..Y.........P.#
......#.......#
.....####.###.#
..... ### ..# .Y..
## ...


You could see a death yak.

Vanquished Creatures
  2 boulder beetles
  2 hydras
  5 two-headed ogres
  A vault guard (D:10)
  2 death yaks (Lair:3)
  Pikel (D:8)
  A cyclops (D:11)
  A manticore (D:11)
  3 black mambas
  Maurice (D:9)
  Joseph (D:8)
  2 molten gargoyles (D:10)
  A gargoyle (D:11)
  Maggie (D:8)
  3 cane toads
  An unseen horror (D:12)
  A rime drake (Lair:1)
  2 komodo dragons
  2 kobold demonologists
  3 trolls
  A polar bear (Lair:1)
  Grinder (D:4)
  5 slime creatures
  A meliai zombie (D:11)
  A centaur simulacrum (D:12)
  Eustachio (D:6)
  2 wraiths
  5 wyverns
  32 yaks
  7 vampire mosquitoes
  3 basilisks
  An acid dragon (D:8)
  15 water moccasins
  Duvessa (D:5)
  7 orc warriors
  3 black bears
  7 ice beasts
  A necrophage (D:4)
  5 wolves (Lair:1)
  An ogre (D:6)
  3 centaurs
  3 lemures (D:8)
  A kobold brigand (D:7)
  A scorpion (D:7)
  3 bullfrogs
  A gnoll sergeant (D:7)
  3 wyvern zombies
  A wyvern skeleton (D:6)
  Dowan (D:5)
  7 killer bees
  2 vampire bats (D:3)
  8 howler monkeys
  A bullfrog zombie (D:7)
  5 centaur zombies
  3 hounds
  A crimson imp (D:8)
  A jelly (D:4)
  2 gnoll shamans (D:8)
  2 centaur skeletons
  6 orc priests
  A bullfrog skeleton (D:7)
  Crazy Yiuf (D:7)
  10 orc wizards
  Natasha (twice) (D:4)
  A statue (D:12)
  2 killer bee zombies
  A hound skeleton (D:5)
  3 mummies (Ossuary)
  20 gnolls
  A howler monkey skeleton (D:7)
  4 adders
  A shadow imp (D:7)
  An ufetubus (D:5)
  2 worms
  55 orcs
  3 bat skeletons (D:3)
  3 bat zombies (D:3)
  10 endoplasms
  3 giant cockroaches (D:4)
  9 goblins
  5 hobgoblins
  2 jackals (D:2)
  2 quokkas
  9 ball pythons
  9 bats
  2 frilled lizards
  2 gnoll zombies (Ossuary)
  5 goblin zombies (Ossuary)
  11 kobolds
  A kobold zombie (Ossuary)
  3 rats
375 creatures vanquished.

Vanquished Creatures (others)
  8 fungi
  18 plants
26 creatures vanquished.

Grand Total: 401 creatures vanquished

Notes
Turn   | Place    | Note
-------+----------+-------------------------------------------
     0 | D:1      | blank1 the Minotaur Fighter began the quest for the Orb.
     0 | D:1      | Reached XP level 1. HP: 19/19 MP: 0/0
    74 | D:1      | Found a faded altar of an unknown god.
    76 | D:1      | Noticed a great orb of eyes
    76 | D:1      | Noticed a great orb of eyes
    83 | D:1      | Noticed a golden eye
    94 | D:1      | Noticed a golden eye
   114 | D:1      | Prayed at the altar of an unknown god.
   114 | D:1      | Became a worshipper of Kikubaaqudgha
   114 | D:1      | Reached * piety under Kikubaaqudgha
   114 | D:1      | Received a gift from Kikubaaqudgha
   230 | D:1      | Reached XP level 2. HP: 23/27 MP: 1/1
   372 | D:1      | Found Busmeq's Armour Emporium.
   968 | D:2      | Found a blossoming altar of Fedhas.
  1010 | D:2      | Reached skill level 1 in Dodging
  1016 | D:2      | Reached XP level 3. HP: 33/33 MP: 2/2
  1021 | D:2      | Noticed a black bear
  1023 | D:2      | Reached ** piety under Kikubaaqudgha
  1037 | D:2      | Killed a black bear
  1038 | D:2      | Reached skill level 4 in Fighting
  1038 | D:2      | Reached skill level 1 in Spellcasting
  1038 | D:2      | Reached skill level 1 in Necromancy
  1038 | D:2      | Reached XP level 4. HP: 10/40 MP: 2/4
  1288 | D:2      | Learned a level 1 spell: Pain
  1599 | D:3      | Reached XP level 5. HP: 47/47 MP: 5/5
  1957 | D:3      | Found a sparkling altar of Nemelex Xobeh.
  2049 | D:3      | Found an ancient bone altar of Kikubaaqudgha.
  2321 | D:4      | Found a sand-covered staircase.
  2328 | Ossuary  | Entered an ossuary
  2328 | Ossuary  | Noticed a wraith
  2328 | Ossuary  | Noticed a wraith
  2328 | Ossuary  | Noticed a wraith
  2529 | Ossuary  | Reached skill level 5 in Fighting
  2529 | Ossuary  | Reached XP level 6. HP: 56/56 MP: 6/6
  2641 | Ossuary  | Noticed a wraith
  2652 | Ossuary  | Killed a wraith
  2652 | Ossuary  | Reached *** piety under Kikubaaqudgha
  2652 | Ossuary  | Received a gift from Kikubaaqudgha
  2653 | Ossuary  | Reached skill level 5 in Maces & Flails
  2788 | D:4      | Found Cuopn's General Store.
  2824 | D:4      | Noticed Natasha
  2831 | D:4      | Killed Natasha
  3077 | D:4      | Found Afewkit's Antique Weapon Emporium.
  3105 | D:4      | Found Olarph's Assorted Antiques.
  3301 | D:4      | Reached XP level 7. HP: 55/61 MP: 5/8
  3429 | D:4      | Noticed Grinder
  3434 | D:4      | Paralysed by Grinder for 6 turns
  3442 | D:4      | Paralysed by Grinder for 2 turns
  3454 | D:4      | Killed Grinder
  3455 | D:4      | Reached skill level 6 in Fighting
  3722 | D:4      | Found Rimoudim's Distillery.
  3734 | D:4      | Reached skill level 7 in Fighting
  3812 | D:4      | Noticed Natasha
  3821 | D:4      | Killed Natasha
  4092 | D:4      | Found Moqad's Armour Shoppe.
  4146 | D:5      | Entered Level 5 of the Dungeon
  4252 | D:4      | Reached XP level 8. HP: 57/73 MP: 10/10
  4529 | D:5      | Reached skill level 8 in Fighting
  4607 | D:5      | Found a staircase to the Ecumenical Temple.
  4627 | D:5      | Noticed Duvessa
  4635 | D:5      | Learned a level 2 spell: Corpse Rot
  4656 | D:5      | Noticed Dowan
  4674 | D:5      | Killed Duvessa
  4685 | D:5      | Killed Dowan
  5569 | D:5      | Reached **** piety under Kikubaaqudgha
  5783 | D:5      | Found a blossoming altar of Fedhas.
  6075 | D:6      | Reached skill level 1 in Air Magic
  6125 | D:6      | Reached skill level 5 in Armour
  6131 | D:6      | Reached XP level 9. HP: 82/82 MP: 10/12
  6450 | D:6      | Reached skill level 9 in Fighting
  6835 | D:6      | Found an ornate altar of the Wu Jian Council.
  7139 | D:6      | Found a glowing golden altar of the Shining One.
  7144 | D:6      | Found an opulent altar of Gozag.
  7155 | D:6      | Noticed Eustachio
  7165 | D:6      | Killed Eustachio
  7166 | D:6      | Reached skill level 10 in Fighting
  7541 | D:7      | HP: 4/85 [poisoned by a gnoll]
  7921 | D:7      | Noticed a troll
  7928 | D:7      | Killed a troll
  8043 | D:7      | Found a shadowy altar of Dithmenos.
  8254 | D:7      | Noticed a cyclops
  8258 | D:7      | Found Ihinahu's Jewellery Shoppe.
  8642 | D:7      | Found a glowing silver altar of Zin.
  8893 | D:7      | Found a runed translucent door.
  8894 | D:7      | Noticed Crazy Yiuf
  8900 | D:7      | Killed Crazy Yiuf
  9096 | D:8      | Reached XP level 10. HP: 92/93 MP: 15/15
  9610 | D:8      | Found a shimmering altar of Xom.
  9610 | D:8      | Found a burning altar of Makhleb.
  9762 | D:8      | Reached ***** piety under Kikubaaqudgha
  9774 | D:8      | Noticed Joseph
  9825 | D:8      | Killed Joseph
  9938 | D:8      | Noticed Pikel
  9957 | D:8      | Killed Pikel
  9958 | D:8      | Reached skill level 5 in Dodging
 10066 | D:8      | Found Ennihutu's General Store.
 10130 | D:8      | Noticed Maggie
 10137 | D:8      | Killed Maggie
 10287 | D:9      | Noticed a two-headed ogre
 10299 | D:9      | Killed a two-headed ogre
 10378 | D:9      | Noticed Maurice
 10384 | D:9      | Killed Maurice
 10385 | D:9      | Reached skill level 5 in Necromancy
 10417 | D:9      | Reached skill level 5 in Spellcasting
 10481 | D:9      | Learned a level 3 spell: Swiftness
 10613 | D:9      | Noticed a two-headed ogre
 10642 | D:9      | Killed a two-headed ogre
 10905 | D:9      | Noticed a two-headed ogre
 10918 | D:9      | Killed a two-headed ogre
 10919 | D:9      | Reached skill level 11 in Fighting
 10919 | D:9      | Reached XP level 11. HP: 19/102 MP: 17/17
 11858 | D:9      | Identified the +6 spear of Moderation {holy, Fly Dex+2}
 11906 | D:9      | Found a sacrificial altar of Ru.
 11940 | D:10     | Entered Level 10 of the Dungeon
 11965 | D:10     | Reached skill level 1 in Polearms
 11968 | D:10     | Reached skill level 1 in Evocations
 12173 | D:10     | Found a snail-covered altar of Cheibriados.
 12305 | D:10     | Found a staircase to the Orcish Mines.
 12360 | D:10     | Found Vaushrak's Book Boutique.
 12606 | D:10     | Noticed a vault guard
 12648 | D:10     | Killed a vault guard
 12877 | D:10     | Noticed an orange crystal statue
 13333 | D:10     | Found a portal to a secret trove of treasure.
 13544 | D:10     | Reached skill level 12 in Fighting
 13952 | D:11     | Reached skill level 5 in Polearms
 13964 | D:11     | Found a staircase to the Lair.
 14414 | D:11     | Noticed a boulder beetle
 14434 | D:11     | Killed a boulder beetle
 14674 | D:11     | Noticed an eight-headed hydra
 15072 | D:11     | Noticed a two-headed ogre
 15085 | D:11     | Killed a two-headed ogre
 15138 | D:11     | Reached skill level 13 in Fighting
 15138 | D:11     | Reached XP level 12. HP: 115/115 MP: 19/19
 15640 | D:11     | Killed an eight-headed hydra
 15914 | D:12     | Noticed a four-headed hydra
 15925 | D:12     | Killed a four-headed hydra
 16200 | D:12     | Noticed a boulder beetle
 16239 | D:12     | Killed a boulder beetle
 16448 | D:12     | Found a radiant altar of Vehumet.
 16867 | D:12     | Noticed a two-headed ogre
 16882 | D:12     | Killed a two-headed ogre
 17554 | Lair:1   | Entered Level 1 of the Lair of Beasts
 17741 | D:4      | Bought the +1 cloak of the Locust {Rampage rElec Dex+5
                  | Stlth-} for 423 gold pieces
 18499 | Lair:1   | Reached skill level 10 in Armour
 18798 | Lair:1   | Reached XP level 13. HP: 104/122 MP: 22/22
 19329 | Lair:2   | Found a staircase to the Snake Pit.
 20611 | Lair:2   | Identified the +1 pair of gloves "Haxkup" {Contam Will+
                  | rCorr Dex+3}
 20708 | Lair:3   | Slain by a death yak

Illustrated notes

Levels and vault maps discovered:
D:1:      dpeg_arrival_rooms_a, layout_basic,
          hellmonk_ecumenical_altar_watching_god, serial_shops, shop,
          minmay_tetromino_s4
D:2:      layout_basic, basic_altar, hex_tiny, chequers_avenue, glass_columns_a,
          minivault_26
D:3:      layout_basic, nemelex_spade_bored_becter, kennysheep_vampire_church,
          minmay_misc_feat_pillars, interstate_on_off
D:4:      layout_basic, serial_shops, shop, nicolae_square_shop, shop_statue,
          shop_statue, shop, lightli_ossuary_entry_decrepit_ruins, minmay_bent,
          uniq_grinder, uniq_natasha
D:5:      layout_loops_corners, mainiacjoe_overflow_alcove_2,
          minmay_temple_entry_mini_moons, nicolae_underground_beach,
          uniq_duvessa
D:6:      layout_rooms, mainiacjoe_overflow_boulevard,
          grunt_temple_overflow_open, serial_co_window_serial,
          co_window_paths_a, co_window_paths_b, co_window_paths_a,
          co_window_paths_a, co_window_of_opportunity_a, co_window_paths_b,
          co_window_unsneaky_path_b, co_window_of_opportunity_b,
          co_window_2corner, glass_columns_a, minmay_misc_feat_five,
          minmay_misc_feat_rows, uniq_eustachio
D:7:      layout_loops_corners, zin_scriptorium, kennysheep_mini_moat,
          serial_shops, nicolae_take_the_stairs, uniq_crazy_yiuf_cottage
D:8:      layout_gridville, grunt_temple_overflow_champion_of_chaos,
          special_room [special_room_orc], serial_shops,
          nicolae_shop_hallway_plus, uniq_joseph, uniq_pikel, uniq_maggie
D:9:      layout_rooms, nicolae_ru_the_path_less_chosen, uniq_maurice
D:10:     layout_irregular_city, slow_altar_2, david_orc_2, enter_trove_5,
          serial_shops, shop, hangedman_glass_garden, minivault_8
D:11:     minmay_chambers_of_sixes, layout_long_grid, minmay_lair_entry_grove
D:12:     layout_roguey, vehumet_statue
Lair:1:   layout_cave_pods, chequers_serial_rivers_micro_c,
          infiniplex_staircase_pool
Lair:2:   layout_cave_pods, minmay_snake_entry_six_corridors,
          gauntlet_entry_generic
Lair:3:   layout_regular_city, infiniplex_staircase_pool_2, grunt_megastairs_4

Skill      XL: |  1  2  3  4  5  6  7  8  9 10 11 12 |
---------------+-------------------------------------+-----
Dodging        | 1 2 3 5 8 |  8.0
Armour         | 4 5 7 10 | 10.0
Fighting       | 4 5 7 8 10 11 13 | 13.8
Maces & Flails | 3 4 5 7 9 |  9.0
Shields        | 4 |  4.0
Spellcasting   | 1 2 3 4 5 7 |  7.0
Necromancy     | 1 2 3 4 5 |  5.9
Air Magic      | 1 2 3 |  3.0
Polearms       | 7 8 |  8.0
Evocations     | 2 |  2.0

Action                   |  1- 3 |  4- 6 |  7- 9 | 10-12 | 13-15 || total
-------------------------+-------+-------+-------+-------+-------++-------
Melee: Flail             |    77 |   111 |   340 |   188 |       ||   716
       Headbutt          |    11 |    16 |    77 |   231 |    40 ||   375
       Spear             |       |       |       |   603 |   100 ||   703
 Cast: Pain              |       |     2 |     3 |     1 |     3 ||     9
Invok: Torment           |       |       |       |     3 |     1 ||     4
       Receive Corpses   |       |       |       |     1 |       ||     1
Evoke: Wand              |       |       |       |     5 |       ||     5
  Use: Scroll            |     1 |    12 |     5 |     8 |       ||    26
       Potion            |       |       |     2 |       |     1 ||     3
Armor: Scale mail        |    58 |    51 |    95 |       |       ||   204
       Chain mail        |       |       |    85 |   245 |    28 ||   358
Dodge: Dodged            |    60 |    55 |   134 |   198 |    39 ||   486
Block: Buckler           |    15 |    23 |   122 |   269 |    41 ||   470
       Reflection        |       |       |       |    11 |       ||    11

Table legend: (Time is in decaauts)
 A = Elapsed time spent in this place.
 B = Non-inter-level travel time spent in this place.
 C = Inter-level travel time spent in this place.
 D = Time resting spent in this place.
 E = Time spent auto-exploring this place.
 F = Levels seen in this place.
 G = Mean time per level.
                   A        B        C        D        E       F      G
               +--------+--------+--------+--------+--------+-----+--------+
         Total |  20624 |  19179 |   1445 |   3927 |  12140 |  16 | 1289.0 |
       Dungeon |  17464 |  16057 |   1407 |   3578 |   9931 |  12 | 1455.3 |
          Lair |   2703 |   2665 |     38 |    349 |   1936 |   3 |  901.0 |
       Ossuary |    456 |    456 |      0 |      0 |    273 |   1 |  456.0 |
               +--------+--------+--------+--------+--------+-----+--------+

Top non-repeatable levels by time:
    D:10: 2126 daAuts
     D:5: 1918 daAuts
    D:11: 1897 daAuts
     D:7: 1750 daAuts
     D:4: 1738 daAuts
  Lair:1: 1660 daAuts
     D:9: 1505 daAuts
    D:12: 1442 daAuts
     D:8: 1372 daAuts
     D:6: 1220 daAuts
  Lair:2: 988 daAuts
     D:2: 848 daAuts
     D:3: 826 daAuts
     D:1: 818 daAuts
 Ossuary: 456 daAuts
